 Dungeon Crawl Stone Soup version 0.29-a0-919-gd064cfad1c (webtiles) character file.

Game seed: 8130155443414838847

56 frimble the Magician (level 3, 0/24 HPs)
             Began as a Demonspawn Hedge Wizard on July 27, 2022.
             Succumbed to an adder's poison
             ... on level 2 of the Dungeon.
             The game lasted 00:01:33 (1748 turns).

frimble the Magician (Demonspawn Hedge Wizard)      Turns: 1748, Time: 00:01:33

Health: 0/24       AC:  4    Str: 10    XL:     3   Next: 69%
Magic:  7/7        EV: 12    Int: 15    God:
Gold:   88         SH:  0    Dex: 14    Spells: 7/8 levels left

rFire   . . .      SeeInvis .   h - +0 short sword
rCold   . . .      Faith    .   (no shield)
rNeg    . . .      Spirit   .   b - +0 robe
rPois   .          Reflect  .   c - +0 hat
rElec   .          Harm     .   (no cloak)
rCorr   .          Rampage  .   (no gloves)
Will    .....                   (no boots)
Stlth   ++........              (no amulet)
HPRegen 0.08/turn               (no ring)
MPRegen 0.10/turn               (no ring)

@: lethally poisoned (0 -> -2), hasted, very quick
A: yellow scales 1
a: no special abilities


You were on level 2 of the Dungeon.
You visited 1 branch of the dungeon, and saw 2 of its levels.

You collected 88 gold pieces.

Inventory:

Hand Weapons
 h - a +0 short sword (weapon)
Armour
 b - a +0 robe (worn)
 c - a +0 hat (worn)
 g - a +0 buckler
Scrolls
 a - a scroll of identify
 e - a scroll of enchant armour
 j - 2 scrolls of teleportation
Potions
 f - a potion of haste


   Skills:
 + Level 2.0 Short Blades
 - Level 1.7 Dodging
 - Level 1.7 Stealth
 - Level 3.0 Spellcasting
 + Level 2.6 Conjurations
 - Level 1.0 Summonings
 - Level 0.8 Translocations


You had 7 spell levels left.
You knew the following spells:

 Your Spells              Type           Power      Damage    Failure   Level
a - Magic Dart            Conj           40%        1d5       7%          1

Your spell library contained the following spells:

 Spells                   Type           Power      Damage    Failure   Level
 Slow                     Hex            8%         N/A       21%         1
 Call Imp                 Summ           5%         N/A       21%         2
 Blink                    Tloc           8%         N/A       22%         2
 Conjure Flame            Conj/Fire      6%         6-21      34%         3
 Mephitic Cloud           Conj/Pois/Air  4%         N/A       38%         3
 Animate Armour           Summ/Erth      6%         N/A       85%         4
 Blade Hands              Tmut           1%         N/A       99%         5
 Iron Shot                Conj/Erth      3%         9d2       100%        6


Dungeon Overview and Level Annotations

Branches:
Dungeon (2/15)

Altars:


Innate Abilities, Weirdness & Mutations

You are partially covered in yellow scales. (AC +2)


Message History

You feel sick. The adder bites you.
You are more poisoned.
The adder poisons you! The adder bites you.
* * * LOW HITPOINT WARNING * * *
Aiming: Magic Dart (safe; 8% risk of failure)
Press: ? - help, Q - select action Shift-Dir - straight line, f - adder
Aim: an adder (almost dead, 100% to hit)
The magic dart hits the adder.
The adder is almost dead.
* * * LOW HITPOINT WARNING * * *
You feel sick. The adder misses you.
Aiming: Magic Dart (safe; 8% risk of failure)
Press: ? - help, Q - select action Shift-Dir - straight line, f/p - adder
Aim: an adder (almost dead, 100% to hit)
The magic dart hits the adder.
You kill the adder!
* * * LOW HITPOINT WARNING * * *
You feel sick.
Your Short Blades skill increases to level 2!
It was a potion of haste.
You feel yourself speed up.
* * * LOW HITPOINT WARNING * * *
You feel sick. Magic courses through your body.
* * * LOW HITPOINT WARNING * * *
You feel sick.
Unknown command.
Unknown command.
Unknown command.
There is a lethal amount of poison in your body!
There is a lethal amount of poison in your body!
As you read the scroll labelled RABIT WENKUICY, it crumbles to dust.
It is a scroll of identify.
e - a scroll of enchant armour
As you read the scroll labelled SISCHU HAOSKEPP, it crumbles to dust.
You hear the tinkle of a tiny bell.
It was a scroll of butterflies.
* * * LOW HITPOINT WARNING * * *
You feel sick.
As you read the scroll labelled UNLUG PANWUIQ, it crumbles to dust.
You feel aware of your surroundings.
It was a scroll of magic mapping.
You die...

***** ***,,,,,,
**,,,***,*,,,,,.
*,,,,,,*,*,,,,,.
*,,,,,.,,,*****# *********
*,#*#..*,,,,,,,, *,,,,,,,#####
*.#....,,,,,,,**
*,.....,,...#*#b.....,,,***,**
*,......**#b##bb.....,,,***,,.
*,......* #bb@bb.....,,,,,,,..
*,,,....* #b#####.#..,,,***,##
**####.####.....#..,.#........
#........>.......,..........
#.............##.,..........
#........)#####*,#.#.##.##.#
####.###### #,#.#........
#.....# #.#.#.##..... #####.#
#.#.#........


There were no monsters in sight!

Vanquished Creatures
  2 adders (D:2)
  A dart slug (D:1)
  3 endoplasms
  4 giant cockroaches
  3 goblins (D:2)
  3 hobgoblins
  4 kobolds
  2 quokkas
  2 ball pythons (D:1)
  5 bats
  A frilled lizard (D:1)
  5 rats
35 creatures vanquished.

Notes
Turn   | Place    | Note
-------+----------+-------------------------------------------
     0 | D:1      | frimble the Demonspawn Hedge Wizard began the quest for the
                  | Orb.
     0 | D:1      | Reached XP level 1. HP: 13/13 MP: 4/4
   333 | D:1      | Reached skill level 1 in Short Blades
   333 | D:1      | Gained mutation: You are partially covered in yellow
                  | scales. (AC +2) [demonic ancestry]
   333 | D:1      | Reached XP level 2. HP: 19/19 MP: 4/6
   543 | D:1      | Found a faded altar of an unknown god.
   888 | D:2      | Reached XP level 3. HP: 9/24 MP: 5/7
  1747 | D:2      | HP: 1/24 [poisoned by an adder]
  1748 | D:2      | Succumbed to an adder's poison

Illustrated notes

Levels and vault maps discovered:
D:1:      nagdon_arrival_double_spiral, layout_basic,
          chequers_ecumenical_altar_simple_redux
D:2:      layout_basic, minmay_domino_2

Skill      XL: |  1  2  3 |
---------------+----------+-----
Short Blades   | 1 2 |  2.0
Conjurations   | 2 |  2.6
Dodging        | |  1.7
Stealth        | |  1.7
Spellcasting   | |  3.0
Summonings     | |  1.0
Translocations | |  0.8

Action                   || total
-------------------------++-------
Melee: Dagger            ||    43
       Short sword       ||    91
 Cast: Magic Dart        ||    13
  Use: Scroll            ||     4
       Potion            ||     3
 Stab: Sleeping          ||     9
Armor: Robe              ||    35
Dodge: Dodged            ||    81

Table legend: (Time is in decaauts)
 A = Elapsed time spent in this place.
 B = Non-inter-level travel time spent in this place.
 C = Inter-level travel time spent in this place.
 D = Time resting spent in this place.
 E = Time spent auto-exploring this place.
 F = Levels seen in this place.
 G = Mean time per level.
                   A        B        C        D        E       F      G
               +--------+--------+--------+--------+--------+-----+--------+
         Total |   1746 |   1720 |     26 |      0 |   1430 |   2 |  873.0 |
       Dungeon |   1746 |   1720 |     26 |      0 |   1430 |   2 |  873.0 |
               +--------+--------+--------+--------+--------+-----+--------+

Top non-repeatable levels by time:
     D:2: 898 daAuts
     D:1: 847 daAuts
